 Dungeon Crawl Stone Soup version 0.22.0-18-ge075c0d (webtiles) character file.

3144884 Rayvis the Messiah (level 27, 273/273 HPs)
             Began as a Hill Orc Fighter on Aug 18, 2018.
             Was the Champion of Beogh.
             Escaped with the Orb
             ... and 5 runes!
             The game lasted 04:05:43 (70110 turns).

Rayvis the Messiah (Hill Orc Fighter)              Turns: 70110, Time: 04:05:44

Health: 273/273    AC: 44    Str: 43    XL:     27
Magic:  38/40      EV: 15    Int: 12    God:    Beogh [******]
Gold:   5191       SH: 30    Dex: 13    Spells: 26/26 levels left

rFire    + . .     SeeInvis .   s - +9 broad axe (vamp)
rCold    + + .     Gourm    .   F - +5 large shield of Evolution {rElec rPois rCorr Stlth-}
rNeg     + + .     Faith    +   M - +11 gold dragon scales
rPois    +         Spirit   .   Q - +2 helmet "Figitzia" {MR+ Str+4}
rElec    +         Reflect  .   N - scarf {repulsion}
rCorr    +         Harm     .   O - +2 pair of gloves {Str+3}
MR       ++++.                  (no boots)
Stlth    ..........             D - amulet of faith
HPRegen  0.55/turn              G - ring "Seuplekhia" {rN++ MR+ Dex+3}
MPRegen  0.27/turn              n - ring of Division {rC+ Str+4 Int+2}

@: repel missiles
A: walk on water, clever 1, mutation resistance 1, sense surroundings 1
0: Orb of Zot
}: 5/15 runes: decaying, slimy, silver, abyssal, gossamer
a: Smiting, Recall Orcish Followers, Give Item to Named Follower, Resurrection,
Renounce Religion


You escaped.
You worshipped Beogh.
Beogh was exalted by your worship.
You were not hungry.

You visited 10 branches of the dungeon, and saw 54 of its levels.
You visited the Abyss 1 time.
You visited 1 ziggurat, and saw 3 of its levels.
You also visited: Ossuary, Ice Cave and Wizlab.

You collected 10336 gold pieces.
You spent 5145 gold pieces at shops.

Inventory:

Hand Weapons
 s - a +9 vampiric broad axe (weapon)
 v - the +7 scimitar of Red Wine {slice, rElec rF+ Dex-3}
   (You bought it in a shop on level 2 of the Orcish Mines)

   It inflicts extra damage upon your enemies.
   It affects your dexterity (-3).
   It protects you from fire.
   It insulates you from electricity.
 C - the +8 long sword of Compound Interest {elec, *Drain +Blink rC++ Stlth+}
   (You found it on level 5 of the Realm of Zot)

   Occasionally, upon striking a foe, it will discharge some electrical energy
   and cause terrible harm.
   It greatly protects you from cold.
   It lets you blink.
   It causes draining when unequipped.
   It makes you more stealthy.
 J - the +5 pair of quick blades "Gyre" and "Gimble" {pierce, Dex-3}
   (You took it off a deep elf knight on level 3 of the Elven Halls)

   It inflicts extra damage upon your enemies.
   It affects your dexterity (-3).
 R - a +5 vampiric executioner's axe
 U - the +7 demon blade of Fuilas {venom, *Slow Str+5}
   (You bought it in a shop on level 2 of the Orcish Mines)

   It poisons the flesh of those it strikes.
   It affects your strength (+5).
   It may slow you when you take damage.
Armour
 F - the +5 large shield of Evolution (worn) {rElec rPois rCorr Stlth-}
   (You took it off Louise on level 3 of the Spider Nest)

   It insulates you from electricity.
   It protects you from poison.
   It provides partial protection from all sources of acid and corrosion.
   It makes you less stealthy.
 M - +11 gold dragon scales (worn)
 N - a scarf of repulsion (worn)
 O - a +2 pair of gloves of strength (worn)
 Q - the +2 helmet "Figitzia" (worn) {MR+ Str+4}
   (You bought it in a shop on level 5 of the Vaults)

   It affects your strength (+4).
   It affects your resistance to hostile enchantments.
Jewellery
 i - the cursed ring of Geugohepn {rN+ Str-5}
   (You found it on level 5 of the Pits of Slime)

   [ring of strength]

   It affects your strength (-5).
   It protects you from negative energy.
   It has a curse placed upon it.
 l - an uncursed ring of flight
 n - the ring of Division (right hand) {rC+ Str+4 Int+2}
   (You found it on level 4 of the Depths)

   [ring of protection from cold]

   It affects your strength (+4).
   It affects your intelligence (+2).
   It protects you from cold.
 p - the ring "Fediyn" {Fire rElec Dex+2}
   (You acquired it on level 2 of the Depths)

   [ring of fire]

   It enhances your fire magic.
   It affects your dexterity (+2).
   It protects you from fire.
   It makes you vulnerable to cold.
   It insulates you from electricity.
 t - the ring "Dicovol" {AC+3 Int+3}
   (You acquired it on level 3 of the Elven Halls)

   [ring of protection]

   It affects your AC (+3).
   It affects your intelligence (+3).
 z - the ring of Yendor {rN+ Str+3 Int-4 SInv Stlth+}
   (You found it on level 5 of the Pits of Slime)

   [ring of see invisible]

   It affects your strength (+3).
   It affects your intelligence (-4).
   It protects you from negative energy.
   It lets you see invisible.
   It makes you more stealthy.
 D - an amulet of faith (around neck)
 G - the ring "Seuplekhia" (left hand) {rN++ MR+ Dex+3}
   (You took it off a deep elf knight on level 3 of the Elven Halls)

   [ring of protection from magic]

   It affects your dexterity (+3).
   It greatly protects you from negative energy.
   It affects your resistance to hostile enchantments.
 P - the ring "Hisug" {*Drain rC+ rN+ Int+5 Dex+2}
   (You found it on level 4 of the Realm of Zot)

   [ring of protection from cold]

   It affects your intelligence (+5).
   It affects your dexterity (+2).
   It protects you from cold.
   It protects you from negative energy.
   It causes draining when unequipped.
 T - the amulet of Futieth {Gourm rC- Str+5}
   (You found it on level 5 of the Pits of Slime)

   [amulet of the gourmand]

   It allows you to eat raw meat even when not hungry.
   It affects your strength (+5).
   It makes you vulnerable to cold.
 Y - the ring "Pariummi" {rF+ rC+ rN+ Dex+2 Stlth-}
   (You found it on level 5 of the Pits of Slime)

   [ring of positive energy]

   It affects your dexterity (+2).
   It protects you from fire.
   It protects you from cold.
   It protects you from negative energy.
   It makes you less stealthy.
 Z - the ring "Farar" {AC+3 Dex+4}
   (You took it off a deep elf annihilator on level 3 of the Elven Halls)

   [ring of protection]

   It affects your AC (+3).
   It affects your dexterity (+4).
Wands
 u - a wand of disintegration (60)
 y - a wand of acid (32)
 B - a wand of paralysis (17)
 I - a wand of clouds (4)
 K - a wand of digging (48)
 X - a wand of scattershot (4)
Scrolls
 c - 2 scrolls of identify
 d - 2 scrolls of holy word
 h - 4 scrolls of fear
 k - 8 scrolls of magic mapping
 q - 27 scrolls of remove curse
 w - 2 scrolls of summoning
 A - 12 scrolls of teleportation
 L - 7 scrolls of fog
 S - a scroll of brand weapon
Potions
 a - a potion of berserk rage
 b - 3 potions of haste
 e - 3 potions of invisibility
 g - 15 potions of curing
 j - 6 potions of flight
 m - 5 potions of ambrosia
 o - 3 potions of resistance
 r - 7 potions of magic
 x - 9 potions of brilliance
 E - 11 potions of heal wounds
 H - 4 potions of cancellation
 V - a potion of might
 W - 6 potions of agility
Comestibles
 f - 53 rations


   Skills:
 O Level 27 Fighting
 - Level 18.2 Axes
 * Level 23.6 Armour
 + Level 16.1 Dodging
 - Level 16.2 Shields
 O Level 27 Invocations
 - Level 8.2 Evocations


You had 26 spell levels left.
You didn't know any spells.
Your spell library contained the following spells:

 Spells                   Type           Power        Failure   Level  Hunger
 Animate Skeleton         Necr           N/A          99%         1    ##.....
 Beastly Appendage        Tmut           #.....       99%         1    ##.....
 Confusing Touch          Hex            #.....       99%         1    ##.....
 Corona                   Hex            #......      99%         1    ##.....
 Flame Tongue             Conj/Fire      #....        99%         1    ##.....
 Freeze                   Ice            #...         99%         1    ##.....
 Infusion                 Chrm           #...         99%         1    ##.....
 Magic Dart               Conj           #...         99%         1    ##.....
 Pain                     Necr           #...         99%         1    ##.....
 Sting                    Conj/Pois      #...         99%         1    ##.....
 Blink                    Tloc           N/A          99%         2    ###....
 Call Imp                 Summ           #.......     99%         2    ###....
 Corpse Rot               Necr           N/A          99%         2    ###....
 Passwall                 Tmut/Erth      #.......     99%         2    ###....
 Poisonous Vapours        Pois/Air       #.....       99%         2    ###....
 Shroud of Golubria       Chrm/Tloc      #.........   99%         2    ###....
 Slow                     Hex            #.......     99%         2    ###....
 Song of Slaying          Chrm           #.......     99%         2    ###....
 Sticks to Snakes         Tmut           #.......     99%         2    ###....
 Sublimation of Blood     Necr           #.........   99%         2    ###....
 Swiftness                Chrm/Air       #.......     99%         2    ###....
 Throw Flame              Conj/Fire      #.....       99%         2    ###....
 Throw Frost              Conj/Ice       #.....       99%         2    ###....
 Conjure Flame            Conj/Fire      #.......     100%        3    ####...
 Dazzling Spray           Conj/Hex       #.....       100%        3    ####...
 Inner Flame              Hex/Fire       #.......     100%        3    ####...
 Mephitic Cloud           Conj/Pois/Air  #.......     100%        3    ####...
 Ozocubu's Armour         Chrm/Ice       #.......     100%        3    ####...
 Portal Projectile        Hex/Tloc       #.....       100%        3    ####...
 Recall                   Summ/Tloc      N/A          100%        3    ####...
 Regeneration             Chrm/Necr      #.........   100%        3    ####...
 Spectral Weapon          Hex/Chrm       #.......     100%        3    ####...
 Spider Form              Tmut/Pois      #.........   100%        3    ####...
 Stone Arrow              Conj/Erth      #.....       100%        3    ####...
 Vampiric Draining        Necr           #.........   100%        3    ####...
 Animate Dead             Necr           N/A          100%        4    #####..
 Cause Fear               Hex            #.........   100%        4    #####..
 Fulminant Prism          Conj/Hex       #.........   100%        4    #####..
 Ice Form                 Ice/Tmut       #.......     100%        4    #####..
 Leda's Liquefaction      Hex/Erth       #.........   100%        4    #####..
 Olgreb's Toxic Radiance  Pois           #.......     100%        4    #####..
 Sticky Flame             Conj/Fire      #.......     100%        4    #####..
 Summon Ice Beast         Ice/Summ       #.......     100%        4    #####..
 Summon Lightning Spire   Summ/Air       #.......     100%        4    #####..
 Throw Icicle             Conj/Ice       #.......     100%        4    #####..
 Agony                    Necr           #.......     100%        5    ######.
 Blade Hands              Tmut           #.........   100%        5    ######.
 Bolt of Draining         Conj/Necr      #.........   100%        5    ######.
 Bolt of Magma            Conj/Fire/Erth #.........   100%        5    ######.
 Borgnjor's Vile Clutch   Necr/Erth      #.........   100%        5    ######.
 Dispel Undead            Necr           #.......     100%        5    ######.
 Excruciating Wounds      Chrm/Necr      #.........   100%        5    ######.
 Fireball                 Conj/Fire      #.........   100%        5    ######.
 Lee's Rapid Deconstruct  Erth           #.........   100%        5    ######.
 Metabolic Englaciation   Hex/Ice        #.........   100%        5    ######.
 Silence                  Hex/Air        #.........   100%        5    ######.
 Summon Forest            Summ/Tloc      #.........   100%        5    ######.
 Venom Bolt               Conj/Pois      #.........   100%        5    ######.
 Yara's Violent Unravell  Hex/Tmut       #.........   100%        5    ######.
 Bolt of Cold             Conj/Ice       #.........   100%        6    #######
 Bolt of Fire             Conj/Fire      #.........   100%        6    #######
 Conjure Ball Lightning   Conj/Air       #.........   100%        6    #######
 Darkness                 Hex            #.........   100%        6    #######
 Death Channel            Necr           #.........   100%        6    #######
 Deflect Missiles         Chrm/Air       #.........   100%        6    #######
 Freezing Cloud           Conj/Ice/Air   #.........   100%        6    #######
 Hydra Form               Tmut           #.........   100%        6    #######
 Invisibility             Hex            #.......     100%        6    #######
 Iron Shot                Conj/Erth      #.........   100%        6    #######
 Simulacrum               Ice/Necr       #.........   100%        6    #######
 Statue Form              Tmut/Erth      #........    100%        6    #######
 Dragon Form              Tmut           #.........   100%        7    #######
 Malign Gateway           Summ/Tloc      #.........   100%        7    #######
 Summon Hydra             Summ           #.........   100%        7    #######
 Discord                  Hex            #.........   100%        8    #######
 Dragon's Call            Summ           #.........   100%        9    #######
 Shatter                  Erth           #.........   100%        9    #######
 Tornado                  Air            #.........   100%        9    #######
 Passage of Golubria      Tloc           Unusable     N/A         4    N/A

Dungeon Overview and Level Annotations

Branches:
Dungeon (15/15)            Temple (0/1) D:4            Lair (6/6) D:8
  Swamp (4/4) Lair:2       Spider (4/4) Lair:3        Slime (5/5) Lair:5
    Orc (2/2) D:12            Elf (3/3) Orc:2        Vaults (5/5) D:14
  Crypt (0/3) Vaults:3     Depths (5/5) D:15            Zot (5/5) Depths:5

Altars:
Ashenzari
Cheibriados
Elyvilon
Fedhas
Kikubaaqudgha
Nemelex Xobeh
Okawaru
Qazlal
Ru
Uskayaw
Vehumet
Wu Jian
Xom
Yredelemnul
Zin
The Shining One
Jiyva

Shops:
D:5 (   D:6 (   D:10 :   Orc:2 (([(=   Elf:2 !   Elf:3 *   Vaults:1 [
Vaults:5 [[????

Portals:
Hell: Depths:1 Depths:2 Depths:3 Depths:4 Depths:5
Abyss: Depths:4
Pandemonium: Depths:1 Depths:2 Depths:3

Annotations:
D:4 2 transporters, George's ghost, amateur HOFi
D:5 2 transporters
Swamp:1 1 runed door, Duilyg's ghost, adept MiBe
Vaults:2 1 runed door, Zuyghoite's ghost, adept MiFi


Innate Abilities, Weirdness & Mutations

You can walk on water.
Your mind is acute. (Int +2)
You are somewhat resistant to further mutation.
You passively map a small area around you.


Message History

(N) Spider Nest (M) Slime Pits (O) Orcish Mines (E) Elven Halls (V) Vaults (C) Crypt (U) Depths (H) Hell (Z) Zot
Where to? (Enter - D:1, ? - help)
There is an open door here.
You see here a club.
There is a stone staircase leading up here.
You climb upwards.
There is a stone staircase leading down here.
There is a stone staircase leading up here.
You climb upwards.
There is a stone staircase leading down here.
Your extra speed is starting to run out.
You feel yourself slow down.
An Orb Guardian comes into view.
There is a staircase leading out of the dungeon here.
You begin recalling your allies.
Blodwig is recalled.
You finish recalling your allies.
You have escaped!

...###.....##.#####..........)...
#...##....(##.##)........#####.##
#.#........##.##.######..# #.#
#.#........##.##.# ..#..# #.#
............#.##.# .)#..# #.#
..).........#.##.# .[#..# #.#
............#.##.# ..#.## #.#
.........####.##.######.#### #.#
....#.##.# #.##@o....X.#..# #(#
....#.##.# #(###########..# #.#
....#.##.# #.# #..# #.#
#+###..#.####.###########..###.#
#.....รท........................##
######.#.####.....####.........).
# #...# #.....# #.##..###### #
##..# #.....# #.##..# # #.>#
#.....# #.##..#


You could see an Orb Guardian and the friendly Blodwig the orc warlord.

Vanquished Creatures
  the Royal Jelly (Slime:5)
  4 orbs of fire
  Mara (Vaults:5)
  Boris (Depths:4)
  4 curse toes
  5 Killer Klowns (Zot:5)
  Margery (Depths:1)
  A pandemonium lord (Depths:2)
  A caustic shrike (Depths:4)
  Jory (Vaults:5)
  7 golden dragons
  A bone dragon (Zig:2)
  A hellephant (Abyss:2)
  15 Orb Guardians (Zot:5)
  2 liches (Vaults:4)
  12 tentacled monstrosities
  5 titans
  3 quicksilver dragons
  A deep elf master archer (Elf:3)
  A deep elf blademaster (Elf:3)
  Frances (Elf:1)
  2 death cobs
  3 tentacled starspawn
  A sphinx (Depths:3)
  3 draconian monks
  10 acid blobs
  4 storm dragons
  8 shadow dragons
  4 thorn hunters
  An azure jelly (Slime:5)
  6 fire giants
  6 draconian knights
  3 frost giants
  Louise (Spider:3)
  6 deep elf sorcerers
  9 vault wardens
  3 draconian scorchers
  5 ghost moths
  A balrug (WizLab)
  2 draconian shifters
  4 deep elf elementalists
  12 stone giants
  7 ironheart preservers
  3 draconian annihilators
  A war gargoyle (Vaults:5)
  7 very ugly things
  2 entropy weavers (Vaults:3)
  2 spriggan defenders (Depths:5)
  2 green draconians
  4 deep elf demonologists
  A vampire knight (Depths:3)
  A deep elf annihilator (Depths:4)
  6 black draconians
  10 white draconians
  9 purple draconians
  9 red draconians
  4 yellow draconians
  3 spark wasps
  3 deep elf death magi
  2 blizzard demons
  2 crystal guardians (Abyss:4)
  A statue (Depths:4)
  A death ooze (Slime:5)
  11 ettins
  11 yaktaur captains
  A fire dragon (Depths:2)
  4 great orbs of eyes
  A deep elf high priest (Elf:3)
  A jiangshi (Vaults:3)
  Erolcha (D:13)
  6 vault guards
  A monstrous demonspawn (Zot:2)
  3 great orbs of eyes (shapeshifter) (Abyss:4)
  6 ice dragons
  4 rakshasas
  18 hydras
  3 spriggan air magi
  A ghost crab (Swamp:1)
  22 two-headed ogres
  5 centaur warriors
  4 deep troll shamans
  9 alligators
  11 dancing weapons
  A death knight (Vaults:1)
  A tengu warrior (Depths:5)
  5 ogre magi
  A deep troll earth mage (Vaults:3)
  3 vampire magi
  2 spriggan berserkers
  6 thrashing horrors
  A wretched star (Abyss:3)
  7 deep elf knights
  A soul eater (Depths:2)
  A titan skeleton (Depths:4)
  53 slime creatures
  7 hell knights (Depths:1)
  A shadow wraith (Abyss:2)
  2 spatial maelstroms (Abyss:4)
  2 skeletal warriors (D:15)
  3 small abominations
  2 iron trolls
  A sixfirhy (Depths:3)
  3 spriggan druids
  4 swamp dragons
  11 unseen horrors
  3 flayed ghosts
  A death drake (shapeshifter) (Vaults:5)
  An obsidian statue (Zot:5)
  13 deep trolls
  A shambling mangrove (Swamp:3)
  4 deep elf archers
  3 glowing orange brains
  3 orc knights
  5 harpies
  An anaconda skeleton (Abyss:2)
  2 phantasmal warriors
  10 ironbrand convokers
  5 wizards
  5 orb spiders
  10 wolf spiders
  6 wolf spider zombies (Spider:1)
  2 necromancers
  A frost giant zombie (Abyss:4)
  15 ugly things
  16 moths of wrath
  6 cyclopes
  34 deep elf magi
  A worldbinder (Abyss:1)
  2 manticores
  2 salamanders
  A guardian serpent (shapeshifter) (Abyss:4)
  A stone giant skeleton (Vaults:3)
  A frost giant skeleton (Depths:4)
  A moth of wrath (shapeshifter) (Depths:5)
  A torpor snail (Spider:4)
  4 rust devils
  9 black mambas
  Psyche (D:11)
  An apocalypse crab (Abyss:4)
  A guardian serpent (Zig:1)
  A centaur zombie (D:14)
  An ice statue (Lair:6)
  3 vault sentinels
  3 orange demons
  2 eyes of devastation (Depths:2)
  2 gargoyles
  A smoke demon (Abyss:4)
  4 spectral swamp worms (Depths:3)
  3 freezing wraiths
  2 komodo dragons (shapeshifter)
  13 spiny frogs
  A hellion (D:3)
  A centaur skeleton (D:11)
  5 komodo dragons
  A rime drake (shapeshifter) (Vaults:4)
  A demonic crawler (Lair:3)
  3 rime drakes
  24 yaktaurs
  3 ice devils
  3 kobold demonologists
  7 redback zombies (Spider:1)
  2 hellwings
  4 ancient zymes
  2 meliai (Lair:4)
  A queen bee (D:8)
  12 jumping spiders
  A red devil (WizLab)
  A troll (shapeshifter) (Depths:1)
  3 polar bears
  5 trolls
  3 bog bodies
  8 tyrant leeches
  14 hornets
  A blink frog (shapeshifter) (Vaults:1)
  A tengu simulacrum (Vaults:3)
  A dream sheep (Lair:6)
  18 blink frogs
  4 tarantella zombies (Spider:1)
  12 raiju
  7 hippogriffs
  2 dream sheep (shapeshifter)
  A slime creature (shapeshifter) (Depths:5)
  2 human simulacra
  2 ynoxinuls
  3 air elementals (Elf:3)
  A shadow (Swamp:1)
  11 redbacks
  11 spriggans
  A flying skull (Abyss:4)
  2 wraiths
  31 yaks
  A tarantella (shapeshifter) (Depths:1)
  5 tarantellas
  3 wyverns
  A hungry ghost (D:11)
  3 water elementals
  3 basilisks
  2 golden eyes (Abyss:4)
  Grum (D:9)
  A neqoxec (Depths:2)
  A yak (shapeshifter) (Depths:4)
  A fire elemental (Elf:2)
  16 vampire mosquitoes
  2 chaos spawn
  3 wargs
  Menkaure (D:5)
  A soldier ant (shapeshifter) (Depths:1)
  13 swamp worms
  3 insubstantial wisps (Swamp:4)
  2 spatial vortices (Abyss:4)
  2 acid dragons
  6 large abominations
  8 water moccasins
  A floating eye (Depths:3)
  A water moccasin (shapeshifter) (Depths:4)
  3 porcupines
  15 swamp drakes
  5 sky beasts
  29 ogres
  5 orc warriors
  A black bear (D:6)
  4 eyes of draining
  A black bear (shapeshifter) (Elf:1)
  7 ice beasts
  10 wolves
  10 boggarts
  16 centaurs
  13 crocodiles
  3 big kobolds
  2 earth elementals
  A wyvern zombie (D:9)
  20 bullfrogs
  3 scorpions
  27 killer bees
  6 wights
  5 crimson imps
  A jelly (D:11)
  A quasit (D:7)
  5 hounds
  6 orc wizards
  4 bullfrog skeletons
  An iron imp (Depths:1)
  3 orc priests
  Crazy Yiuf (D:7)
  3 iguanas
  8 worker ants
  A killer bee zombie (D:6)
  A big kobold zombie (Ossuary)
  8 mummies (Ossuary)
  4 gnolls (D:9)
  10 adders
  6 shadow imps
  4 white imps
  An ufetubus (Abyss:2)
  2 worms
  A ball lightning (Zot:4)
  3 dart slugs
  3 leopard geckos
  17 orcs
  9 giant cockroaches
  14 goblins
  8 hobgoblins
  11 jackals
  5 quokkas
  2 ball pythons
  7 bats
  7 frilled lizards
  A giant cockroach zombie (D:6)
  2 hobgoblin zombies (Ossuary)
  14 kobolds
  5 kobold zombies (Ossuary)
  A leopard gecko zombie (D:8)
  A quokka skeleton (D:4)
  2 quokka zombies
  4 rats (D:1)
  6 briar patches (Swamp:3)
  A crawling corpse (Elf:3)
  8 fungi
  3 lurking horrors
  4 plants
  A starspawn tentacle (Abyss:4)
1385 creatures vanquished.

Vanquished Creatures (collateral kills)
  An orb of fire (Zot:2)
  2 juggernauts
  An ancient lich (Zot:5)
  4 caustic shrikes (Depths:4)
  2 curse toes
  Frederick (Vaults:2)
  2 Killer Klowns
  Nikola (Elf:1)
  9 golden dragons
  Arachne (Spider:4)
  4 electric golems
  10 tentacled monstrosities
  4 liches
  5 Orb Guardians (Zot:5)
  9 quicksilver dragons
  8 titans
  A deep elf master archer (Elf:3)
  A deep elf blademaster (Elf:2)
  An acid blob (Slime:5)
  4 sphinxes
  8 tengu reavers
  An ancient champion (Vaults:3)
  8 shadow dragons
  A thorn hunter (Swamp:4)
  Roxanne (Spider:3)
  3 azure jellies
  5 iron dragons
  5 draconian monks
  2 deep elf sorcerers (Elf:3)
  6 fire giants
  3 draconian knights
  6 vault wardens
  4 storm dragons
  2 draconian scorchers (Zot:2)
  5 draconian shifters
  5 emperor scorpions
  A ghoul (Vaults:2)
  12 ironheart preservers
  10 frost giants
  8 draconian stormcallers
  A deep elf elementalist (Vaults:5)
  6 very ugly things
  4 draconian annihilators (Zot:1)
  18 stone giants
  A war gargoyle (Vaults:5)
  Nessos (D:15)
  7 entropy weavers
  2 green draconians (Zot:2)
  7 yellow draconians
  A deep elf demonologist (Vaults:2)
  10 deep elf annihilators
  5 black draconians
  A vampire knight (Depths:3)
  10 purple draconians
  11 white draconians
  10 red draconians
  6 statues (Depths:4)
  2 spark wasps
  A blizzard demon (Depths:3)
  11 ettins
  A crystal guardian (Vaults:2)
  2 death oozes (Slime:5)
  5 fire dragons
  Josephine (Lair:5)
  4 deep elf death magi
  4 deep elf high priests
  7 great orbs of eyes
  4 yaktaur captains
  8 ogre magi
  22 vault guards
  A rakshasa (Depths:2)
  5 ice dragons
  5 hydras
  A catoblepas (Lair:6)
  3 death knights
  3 spriggan air magi
  A monstrous demonspawn (Depths:3)
  7 centaur warriors
  10 dancing weapons
  8 deep troll shamans
  A queen ant (Spider:2)
  18 two-headed ogres
  3 death yaks (Lair:6)
  An alligator (Swamp:4)
  3 spriggan berserkers (Depths:5)
  6 tengu warriors
  6 deep troll earth magi
  A shadow wraith (Vaults:3)
  14 deep elf knights
  A wretched star (Abyss:4)
  A salamander mystic (Depths:4)
  2 shadow demons (Depths:2)
  3 skeletal warriors
  2 glowing orange brains
  2 swamp dragons (Swamp:4)
  2 flayed ghosts
  10 deep trolls
  19 deep elf archers
  A deep troll (shapeshifter) (Vaults:5)
  4 wizards
  4 ironbrand convokers
  6 orc knights
  A tengu zombie (Depths:4)
  4 wolf spider zombies (Spider:1)
  4 phantasmal warriors
  3 necromancers
  5 harpies
  12 wolf spiders
  17 orb spiders
  37 deep elf magi
  31 ugly things
  2 shining eyes (Slime:5)
  5 cyclopes
  2 salamanders
  A manticore (D:14)
  An iron dragon skeleton (Depths:4)
  A frost giant skeleton (Vaults:3)
  6 moths of wrath
  3 rust devils (Depths:4)
  An eye of devastation (Slime:3)
  A black mamba (Lair:4)
  A torpor snail (Spider:3)
  13 vault sentinels
  12 spiny frogs (Lair:6)
  A spectral swamp worm (Depths:3)
  A rime drake (Lair:6)
  A centaur skeleton (D:15)
  4 redback zombies (Spider:1)
  A kobold demonologist (D:12)
  A rime drake (shapeshifter) (Vaults:1)
  A yaktaur (shapeshifter) (Vaults:2)
  27 yaktaurs
  4 demonic crawlers
  6 freezing wraiths
  3 tengu conjurers
  A red devil (Depths:3)
  A meliai (Lair:4)
  A polar bear (shapeshifter) (Depths:2)
  24 jumping spiders
  4 tyrant leeches (Lair:6)
  A queen bee (Lair:4)
  7 blink frogs
  8 trolls
  3 hippogriffs
  14 hornets
  17 slime creatures
  3 tarantella zombies (Spider:1)
  A fire giant simulacrum (Vaults:5)
  2 blink frogs (shapeshifter)
  A raiju (Abyss:4)
  6 dream sheep (Lair:6)
  A frost giant simulacrum (Vaults:3)
  A flying skull (Abyss:4)
  An air elemental (Elf:2)
  3 wyverns
  3 water elementals
  14 tarantellas
  7 wraiths
  4 fire elementals
  29 redbacks
  19 yaks
  A golden eye (Abyss:4)
  A basilisk (shapeshifter) (D:14)
  A yaktaur simulacrum (Vaults:5)
  5 vampire mosquitoes
  2 small abominations (Abyss:4)
  2 wargs
  3 soldier ants
  A swamp worm (Swamp:4)
  An insubstantial wisp (Swamp:4)
  5 water moccasins
  7 orc warriors
  3 swamp drakes (Swamp:4)
  A black bear (D:11)
  4 ice beasts
  A human zombie (Vaults:3)
  An elf zombie (Vaults:5)
  An ettin simulacrum (Vaults:2)
  18 ogres
  A boggart (Lair:4)
  3 wolves
  An eye of draining (D:12)
  6 centaurs
  A big kobold (D:12)
  4 crocodiles
  7 bullfrogs
  A wyvern zombie (D:13)
  An earth elemental (Elf:3)
  13 killer bees (Lair:4)
  A wight (D:15)
  3 electric eels
  A hound (D:11)
  3 orc wizards
  2 orc priests
  An iguana (D:13)
  A hell rat (Lair:4)
  A worker ant (Spider:2)
  2 adders (D:12)
  2 river rats (Lair:4)
  A shadow imp (D:13)
  A white imp (Lair:6)
  6 orcs
  2 kobolds
  2 crawling corpses (Elf:3)
  2 fire vortices (Depths:4)
  4 fungi
  6 plants
1020 creatures vanquished.

Vanquished Creatures (others)
  5 orc warlords
  A tengu reaver (Depths:2)
  A fire giant (Depths:2)
  A green draconian (Depths:5)
  2 orc high priests
  A fire dragon (Depths:2)
  Nergalle (Vaults:5)
  A great orb of eyes (Depths:2)
  A deep troll shaman (Vaults:3)
  Sonja (Lair:5)
  31 orc warriors
  A deep elf archer (Elf:3)
  18 orc knights
  An orb spider (Spider:4)
  An orc sorcerer (Vaults:5)
  2 deep elf magi
  A shining eye (Slime:3)
  A spiny frog (Lair:1)
  A red devil (WizLab)
  A polar bear (IceCv)
  2 tyrant leeches
  21 orc priests
  A swamp drake (Swamp:3)
  A boggart (Depths:3)
  A centaur (Depths:3)
  3 wolves (IceCv)
  A bullfrog (Lair:6)
  12 orc wizards
  53 orcs
  A quokka (D:3)
  A ball python (D:3)
  2 fire vortices (Depths:4)
  20 fungi
  60 plants
  4 starspawn tentacles
256 creatures vanquished.

Grand Total: 2661 creatures vanquished

Notes
Turn   | Place    | Note
-------+----------+-------------------------------------------
     0 | D:1      | Rayvis the Hill Orc Fighter began the quest for the Orb.
     0 | D:1      | Reached XP level 1. HP: 19/19 MP: 1/1
   273 | D:1      | Reached XP level 2. HP: 27/27 MP: 2/2
   691 | D:1      | Reached XP level 3. HP: 33/33 MP: 3/3
  1011 | D:2      | Found a sacrificial altar of Ru.
  1082 | D:2      | Found a white marble altar of Elyvilon.
  1205 | D:2      | Reached XP level 4. HP: 39/41 MP: 4/4
  1361 | D:2      | Reached skill level 5 in Axes
  1374 | D:2      | Found a basalt altar of Yredelemnul.
  1382 | D:2      | Found a glowing golden altar of the Shining One.
  1387 | D:2      | Noticed an angel
  1710 | D:2      | Found an ancient bone altar of Kikubaaqudgha.
  1852 | D:2      | Noticed a profane servitor
  2088 | D:3      | Became a worshipper of Beogh the Brigand
  2356 | D:3      | Reached XP level 5. HP: 46/47 MP: 5/5
  2811 | D:4      | Found a sand-covered staircase.
  2817 | Ossuary  | Entered an ossuary
  2839 | Ossuary  | Reached skill level 5 in Fighting
  2853 | Ossuary  | Reached XP level 6. HP: 46/56 MP: 6/6
  2864 | Ossuary  | Reached * piety under Beogh
  3095 | D:4      | Found a transporter.
  3144 | D:4      | Found a staircase to the Ecumenical Temple.
  3173 | D:4      | Reached skill level 1 in Invocations
  3440 | D:4      | Noticed George's ghost (amateur HOFi)
  3457 | D:4      | Found a transporter.
  3530 | D:5      | Entered Level 5 of the Dungeon
  3538 | D:5      | Noticed an ice beast
  3553 | D:5      | Killed an ice beast
  3567 | D:5      | Found a radiant altar of Vehumet.
  3681 | D:5      | Found a transporter.
  3682 | D:5      | Noticed an ice beast
  3682 | D:5      | Noticed an ice beast
  3682 | D:5      | Noticed an ice beast
  3713 | D:5      | Noticed Menkaure
  3721 | D:5      | Killed Menkaure
  3721 | D:5      | Reached XP level 7. HP: 20/62 MP: 7/9
  4073 | D:5      | Found a blossoming altar of Fedhas.
  4145 | D:5      | Found a transporter.
  4197 | D:5      | Found Rem Juakh's Weapon Boutique.
  4537 | D:5      | Found an ornate altar of the Wu Jian Council.
  4537 | D:5      | Found an iron altar of Okawaru.
  4540 | D:5      | Found a radiant altar of Vehumet.
  5120 | D:6      | Reached skill level 5 in Invocations
  5120 | D:6      | Reached XP level 8. HP: 71/71 MP: 11/11
  5146 | D:6      | Found Bupitolo's Antique Weapon Emporium.
  5152 | D:6      | Bought a glowing broad axe for 154 gold pieces
  5248 | D:6      | Found a radiant altar of Vehumet.
  5872 | D:7      | Found a shattered altar of Ashenzari.
  6032 | D:7      | Found a snail-covered altar of Cheibriados.
  6159 | D:7      | Found a runed door.
  6507 | D:7      | Found a glowing silver altar of Zin.
  6640 | D:7      | Noticed Crazy Yiuf
  6650 | D:7      | Killed Crazy Yiuf
  6735 | D:8      | Reached skill level 10 in Axes
  6737 | D:8      | Noticed a queen bee
  6758 | D:8      | Killed a queen bee
  6758 | D:8      | Reached XP level 9. HP: 43/79 MP: 14/14
  6771 | D:8      | Reached ** piety under Beogh
  6959 | D:8      | Found a staircase to the Lair.
  7288 | D:8      | Found a stormy altar of Qazlal.
  7371 | D:8      | Got an iridescent hand axe
  7378 | D:8      | Identified the cursed +3 hand axe "Giat" {chop, rN+ Str+7} (You found it on level 8 of the Dungeon)
  7706 | D:9      | Reached skill level 10 in Invocations
  7938 | D:9      | Reached XP level 10. HP: 90/90 MP: 17/17
  7963 | D:9      | Reached *** piety under Beogh
  8070 | D:9      | Noticed Grum
  8095 | D:9      | Killed Grum
  8507 | Lair:1   | Entered Level 1 of the Lair of Beasts
  8740 | Lair:1   | Noticed an eight-headed hydra
  8754 | Lair:1   | Killed a two-headed hydra
  9155 | Lair:1   | Killed a spiny frog
  9322 | Lair:1   | Reached XP level 11. HP: 97/99 MP: 20/20
  9597 | Lair:2   | Found a staircase to the Swamp.
  9758 | Lair:2   | Got a jewelled leather armour
  9759 | Lair:2   | Identified the +3 leather armour "Zueptoh" {rN+ Regen+ Str+3} (You found it on level 2 of the Lair of Beasts)
  9851 | Lair:2   | Gained mutation: You are partially covered in yellow scales. (AC +2) [potion of mutation]
  9851 | Lair:2   | Gained mutation: You are resistant to hostile enchantments. (MR+) [potion of mutation]
  9851 | Lair:2   | Gained mutation: You have large cloven feet. [potion of mutation]
  9963 | Lair:2   | Reached skill level 10 in Fighting
 10339 | Lair:2   | Noticed a five-headed hydra
 10348 | Lair:2   | Killed a one-headed hydra
 10348 | Lair:2   | Reached **** piety under Beogh
 10784 | Lair:3   | Found a frozen archway.
 10817 | IceCv    | Entered an ice cave
 11067 | Lair:3   | Reached skill level 15 in Axes
 11089 | Lair:3   | Noticed a seven-headed hydra
 11099 | Lair:3   | Killed a three-headed hydra
 11522 | Lair:3   | Found a hole to the Spider Nest.
 11527 | Lair:3   | Reached XP level 12. HP: 108/108 MP: 22/22
 11699 | D:10     | Entered Level 10 of the Dungeon
 13394 | Lair:4   | Gained Warbeogh as an ally
 13403 | Lair:4   | Reached ***** piety under Beogh
 13553 | Lair:4   | Gained Syrus as an ally
 13657 | Lair:4   | Gained Wulfoc as an ally
 13711 | Lair:4   | Gained Gorm as an ally
 13890 | Lair:4   | Reached skill level 15 in Invocations
 13906 | Lair:4   | Your ally Wulfoc died
 14023 | Lair:4   | Noticed a five-headed hydra
 14048 | Lair:4   | Killed a one-headed hydra
 14341 | Lair:4   | Identified the Catalogue of Quantum Leap
 14870 | Lair:5   | Found a viscous altar of Jiyva.
 14871 | Lair:5   | Found a staircase to the Slime Pits.
 15190 | Lair:5   | Noticed Sonja
 15190 | Lair:5   | Noticed Josephine
 15193 | Lair:5   | Killed Sonja
 15201 | Lair:5   | Killed Josephine
 15201 | Lair:5   | Reached XP level 13. HP: 62/117 MP: 24/24
 15497 | Lair:6   | Entered Level 6 of the Lair of Beasts
 15525 | Lair:6   | Reached ****** piety under Beogh
 15541 | Lair:6   | Identified a scroll of acquirement
 15597 | Lair:6   | Reached skill level 5 in Armour
 16509 | Lair:6   | Identified the Incunabulum of Flying Bewitchment
 16815 | Lair:6   | Reached XP level 14. HP: 124/125 MP: 26/26
 16986 | Lair:6   | Reached skill level 5 in Shields
 17369 | D:11     | Found a basalt altar of Yredelemnul.
 17524 | D:11     | Gained Thorok as an ally
 17940 | D:10     | Found a shattered altar of Ashenzari.
 18168 | D:10     | Found Vuxe's Book Shoppe.
 18355 | D:10     | Got a smoking leather armour
 18357 | D:10     | Identified the +1 leather armour of Plog {+Inv rPois Int+5} (You found it on level 10 of the Dungeon)
 18376 | D:10     | Gained Grimold as an ally
 19325 | D:11     | Noticed Psyche
 19333 | D:11     | Killed Psyche
 19522 | D:12     | Got a warped jade amulet
 19709 | D:12     | Identified the amulet of Couquux {Reflect rPois SH+6} (You found it on level 12 of the Dungeon)
 19716 | D:12     | Found a sparkling altar of Nemelex Xobeh.
 20072 | D:12     | Found a staircase to the Orcish Mines.
 20262 | D:13     | Gained Geork as an ally
 20326 | D:13     | Noticed Erolcha
 20334 | D:13     | Killed Erolcha
 21201 | D:13     | Found a hide-covered altar of Uskayaw.
 22060 | D:14     | Found a gate to the Vaults.
 22239 | D:15     | Entered Level 15 of the Dungeon
 22504 | D:15     | Found a staircase to the Depths.
 22566 | D:15     | Reached XP level 15. HP: 132/132 MP: 28/28
 22722 | D:15     | Noticed Nessos
 22739 | D:15     | Killed Nessos
 23094 | D:15     | Found Lafe Xixt's Food Boutique.
 23322 | D:15     | Found a glowing silver altar of Zin.
 23323 | D:15     | Noticed an angel
 23329 | D:15     | Your ally Grimold died
 23898 | Orc:1    | Entered Level 1 of the Orcish Mines
 23937 | Orc:1    | Reached skill level 10 in Shields
 24329 | Orc:1    | Noticed Nergalle
 24332 | Orc:1    | Gained Blodwig as an ally
 24570 | Orc:2    | Entered Level 2 of the Orcish Mines
 24661 | Orc:2    | Gained Blodwig as an ally
 24664 | Orc:2    | Your ally Blodwig died
 24673 | Orc:2    | Gained Boldo as an ally
 24703 | Orc:2    | Found Vaumm's Antique Weapon Boutique.
 24708 | Orc:2    | Found Vodoesm's Antique Weapon Boutique.
 24724 | Orc:2    | Found Qoax's Jewellery Shoppe.
 24735 | Orc:2    | Gained Gorg as an ally
 24741 | Orc:2    | Found Kugewki's Antique Armour Shop.
 24779 | Orc:2    | Bought a warped trident for 263 gold pieces
 24787 | Orc:2    | Identified the +10 trident "Seni" {drain, rPois} (You bought it in a shop on level 2 of the Orcish Mines)
 24863 | Orc:2    | Found a staircase to the Elven Halls.
 25140 | Orc:2    | Found Diczookk's Antique Weapon Shop.
 25146 | Orc:2    | Bought a runed broad axe for 266 gold pieces
 25146 | Orc:2    | Bought a crystal demon blade for 760 gold pieces
 25146 | Orc:2    | Bought a jewelled scimitar for 342 gold pieces
 25146 | Orc:2    | Identified the +7 demon blade of Fuilas {venom, *Slow Str+5} (You bought it in a shop on level 2 of the Orcish Mines)
 25147 | Orc:2    | Identified the +7 scimitar of Red Wine {slice, rElec rF+ Dex-3} (You bought it in a shop on level 2 of the Orcish Mines)
 25539 | Spider:1 | Entered Level 1 of the Spider Nest
 25951 | Spider:2 | Reached skill level 10 in Armour
 26294 | Spider:2 | Reached XP level 16. HP: 52/139 MP: 30/30
 26783 | Spider:2 | Identified the Collected Works on Poisonous Cold
 27155 | Spider:3 | Your ally Geork died
 27403 | Spider:3 | Noticed Louise
 27439 | Spider:3 | Killed Louise
 27444 | Spider:3 | Noticed Roxanne
 27546 | Spider:3 | Got an ichor-stained large shield
 27557 | Spider:3 | Identified the +5 large shield of Evolution {rElec rPois rCorr Stlth-} (You took it off Louise on level 3 of the Spider Nest)
 27612 | Spider:3 | Killed Roxanne
 28127 | Spider:4 | Entered Level 4 of the Spider Nest
 28233 | Spider:4 | Noticed Arachne
 28238 | Spider:4 | Gained Orkwin as an ally
 28244 | Spider:4 | Killed Arachne
 29471 | Spider:4 | Paralysed by a hornet for 1 turns
 29476 | Spider:4 | Reached XP level 17. HP: 140/146 MP: 0/31
 29497 | Spider:4 | Got a gossamer rune of Zot
 29878 | D:15     | Bought a ration for 50 gold pieces
 29878 | D:15     | Bought a ration for 50 gold pieces
 29878 | D:15     | Bought a ration for 50 gold pieces
 29878 | D:15     | Bought a ration for 50 gold pieces
 29878 | D:15     | Bought a ration for 50 gold pieces
 29878 | D:15     | Bought a ration for 50 gold pieces
 29878 | D:15     | Bought a ration for 50 gold pieces
 29878 | D:15     | Bought a ration for 50 gold pieces
 29893 | D:15     | Your ally Thorok died
 30132 | Swamp:1  | Entered Level 1 of the Swamp
 30745 | Swamp:1  | Found a runed door.
 30746 | Swamp:1  | Found a shimmering altar of Xom.
 30746 | Swamp:1  | Noticed Duilyg's ghost (adept MiBe)
 32335 | Swamp:3  | Noticed a tentacled monstrosity
 32351 | Swamp:3  | Killed a tentacled monstrosity
 32851 | Swamp:4  | Entered Level 4 of the Swamp
 33152 | Swamp:4  | Gained Bolgrim as an ally
 33168 | Swamp:4  | Reached skill level 15 in Shields
 33724 | Swamp:4  | Your ally Bolgrim died
 33782 | Swamp:4  | Got a decaying rune of Zot
 34116 | Swamp:4  | Reached XP level 18. HP: 129/154 MP: 33/33
 34702 | Vaults:1 | Entered Level 1 of the Vaults
 35432 | Vaults:1 | Found Ewiz's Antique Armour Shoppe.
 35440 | Vaults:1 | Your ally Gorg died
 36525 | Vaults:2 | Noticed Frederick
 36535 | Vaults:2 | Killed Frederick
 36546 | Vaults:2 | Noticed a lich
 36554 | Vaults:2 | Killed a lich
 36990 | Vaults:2 | Reached XP level 19. HP: 160/160 MP: 35/35
 37042 | Vaults:2 | Your ally Warbeogh died
 37659 | Vaults:2 | Identified the Compendium of Confrontation
 37804 | Vaults:2 | Found a runed door.
 37804 | Vaults:2 | Noticed Zuyghoite's ghost (adept MiFi)
 38405 | Vaults:3 | Found a staircase to the Crypt.
 38564 | Vaults:3 | Found Zigevo's Weapon Shop.
 39337 | Vaults:3 | Reached skill level 15 in Armour
 39531 | Vaults:3 | Noticed a tentacled monstrosity
 39539 | Vaults:3 | Killed a tentacled monstrosity
 40290 | Vaults:4 | Gained Wargath as an ally
 40804 | Vaults:4 | Reached XP level 20. HP: 167/167 MP: 37/37
 40910 | Vaults:4 | Gained Urtork as an ally
 41727 | Vaults:4 | Reached skill level 27 in Invocations
 41737 | Vaults:4 | Your ally Wargath died
 42649 | Vaults:5 | Entered Level 5 of the Vaults
 42653 | Vaults:5 | Noticed Jory
 42654 | Vaults:5 | Your ally died
 42655 | Vaults:5 | Your ally Urtork died
 42659 | Vaults:5 | Your ally Wargath died
 42661 | Vaults:5 | Gained Wargath as an ally
 42665 | Vaults:5 | Your ally Orkwin died
 42667 | Vaults:5 | Killed Jory
 42670 | Vaults:5 | Your ally Gorm died
 42675 | Vaults:5 | Noticed a golden dragon
 42678 | Vaults:5 | Your ally Blodwig died
 42688 | Vaults:5 | Killed a golden dragon
 42698 | Vaults:5 | Your ally Boldo died
 42701 | Vaults:5 | Gained Bogbarth as an ally
 42706 | Vaults:5 | Your ally Bogbarth died
 42708 | Vaults:5 | Your ally Wargath died
 42708 | Vaults:5 | HP: 6/167 [shadow dragon/bolt of negative energy (48)]
 43759 | Vaults:5 | Gained Boderik as an ally
 43784 | Vaults:5 | Gained Bladwarg as an ally
 43785 | Vaults:5 | Your ally Bladwarg died
 43790 | Vaults:5 | Reached XP level 21. HP: 91/179 MP: 38/38
 44130 | Vaults:5 | Found Haoxib's Antique Armour Boutique.
 44146 | Vaults:5 | Found Moshuded's Antique Armour Shoppe.
 44208 | Vaults:5 | Found Utilyka's Magic Scroll Shoppe.
 44211 | Vaults:5 | Noticed Mara
 44215 | Vaults:5 | Killed Mara
 44215 | Vaults:5 | Reached skill level 15 in Fighting
 44279 | Vaults:5 | Bought a scroll of enchant weapon for 105 gold pieces
 44716 | Vaults:5 | Found Plog's Magic Scroll Emporium.
 44720 | Vaults:5 | Bought a scroll of enchant armour for 120 gold pieces
 44727 | Vaults:5 | Found Kaitosm's Magic Scroll Emporium.
 44748 | Vaults:5 | Bought a scroll of blinking for 90 gold pieces
 44751 | Vaults:5 | Your ally Boderik died
 44794 | Vaults:5 | Found Syppaic's Magic Scroll Shoppe.
 44813 | Vaults:5 | Bought a scroll of enchant armour for 135 gold pieces
 44813 | Vaults:5 | Bought a scroll of blinking for 135 gold pieces
 45070 | Vaults:5 | Noticed a golden dragon
 45077 | Vaults:5 | Killed a golden dragon
 45090 | Vaults:5 | Bought a jewelled helmet for 266 gold pieces
 45090 | Vaults:5 | Identified the +2 helmet "Figitzia" {MR+ Str+4} (You bought it in a shop on level 5 of the Vaults)
 45355 | Vaults:5 | Got a silver rune of Zot
 46367 | Elf:1    | Entered Level 1 of the Elven Halls
 46399 | Elf:1    | Noticed Frances
 46407 | Elf:1    | Killed Frances
 46902 | Elf:1    | Reached XP level 22. HP: 187/204 MP: 39/39
 47035 | Elf:1    | Noticed Nikola
 47041 | Elf:1    | Killed Nikola
 47748 | Elf:2    | Found Uzoonn's Distillery.
 47762 | Elf:2    | Bought a potion of agility for 60 gold pieces
 47762 | Elf:2    | Bought a potion of heal wounds for 75 gold pieces
 47762 | Elf:2    | Bought a potion of agility for 60 gold pieces
 47762 | Elf:2    | Bought a potion of heal wounds for 75 gold pieces
 47762 | Elf:2    | Bought a potion of invisibility for 120 gold pieces
 47762 | Elf:2    | Bought a potion of cancellation for 120 gold pieces
 47823 | Elf:2    | Found a runed gate.
 47823 | Elf:2    | Found a runed gate.
 47824 | Elf:2    | Found a runed gate.
 48841 | Depths:1 | Entered Level 1 of the Depths
 49062 | Depths:1 | Noticed Margery
 49070 | Depths:1 | Killed Margery
 49136 | Depths:1 | Found a gateway to Hell.
 49489 | Depths:1 | Found a one-way gate leading to the halls of Pandemonium.
 49606 | Depths:2 | Found a gateway to a ziggurat.
 49741 | Zig:1    | Entered Level 1 of a ziggurat
 49746 | Zig:1    | Gained Bogbrand as an ally
 49746 | Zig:1    | Gained Boghold as an ally
 49759 | Zig:2    | Entered Level 2 of a ziggurat
 49782 | Zig:3    | Entered Level 3 of a ziggurat
 49782 | Zig:3    | Noticed Ceagest the pandemonium lord
 49795 | Depths:2 | Killed Ceagest the pandemonium lord
 49831 | Depths:2 | Found a magical portal.
 49840 | WizLab   | Entered The Hall of the Hellbinder
 50166 | Depths:2 | Reached XP level 23. HP: 155/222 MP: 40/40
 50491 | Depths:2 | Noticed a golden dragon
 50583 | Depths:2 | Found a runed gate.
 50583 | Depths:2 | Found a runed gate.
 50583 | Depths:2 | Found a runed gate.
 50598 | Depths:2 | Killed a golden dragon
 50621 | Depths:2 | Found a runed gate.
 50621 | Depths:2 | Found a runed gate.
 50621 | Depths:2 | Found a runed gate.
 50629 | Depths:2 | Noticed a juggernaut
 50642 | Depths:2 | Killed a juggernaut
 50689 | Depths:2 | Got a clouded bone ring
 50690 | Depths:2 | Identified the ring "Fediyn" {Fire rElec Dex+2} (You acquired it on level 2 of the Depths)
 50858 | Depths:2 | Reached skill level 1 in Evocations
 51427 | Depths:3 | Found Baipiy's Food Shoppe.
 51439 | Depths:3 | Bought a ration for 65 gold pieces
 51439 | Depths:3 | Bought a ration for 65 gold pieces
 51439 | Depths:3 | Bought a ration for 65 gold pieces
 51439 | Depths:3 | Bought a ration for 65 gold pieces
 51439 | Depths:3 | Bought a ration for 65 gold pieces
 51439 | Depths:3 | Bought a ration for 65 gold pieces
 51439 | Depths:3 | Bought a ration for 65 gold pieces
 51439 | Depths:3 | Bought a ration for 65 gold pieces
 51439 | Depths:3 | Bought a ration for 65 gold pieces
 51439 | Depths:3 | Bought a ration for 65 gold pieces
 51439 | Depths:3 | Bought a ration for 65 gold pieces
 51439 | Depths:3 | Bought a ration for 65 gold pieces
 51439 | Depths:3 | Bought a ration for 65 gold pieces
 51439 | Depths:3 | Bought a ration for 65 gold pieces
 51865 | Depths:3 | Noticed a golden dragon
 51876 | Depths:3 | Your ally Boghold died
 51877 | Depths:3 | Killed a golden dragon
 51912 | Depths:3 | Reached skill level 5 in Evocations
 52984 | Depths:4 | Your ally Bogbrand died
 53501 | Depths:4 | Noticed a caustic shrike
 53501 | Depths:4 | Noticed a caustic shrike
 53503 | Depths:4 | Noticed a caustic shrike
 53504 | Depths:4 | Killed a caustic shrike
 53505 | Depths:4 | Noticed a caustic shrike
 53505 | Depths:4 | Noticed a caustic shrike
 53507 | Depths:4 | Killed a caustic shrike
 53510 | Depths:4 | Killed a caustic shrike
 53514 | Depths:4 | Killed a caustic shrike
 53814 | Depths:4 | Killed a caustic shrike
 53814 | Depths:4 | Reached XP level 24. HP: 235/235 MP: 40/40
 54047 | Depths:4 | Gained Bladwarg as an ally
 54105 | Depths:4 | Found a radiant altar of Vehumet.
 54105 | Depths:4 | Noticed Boris
 54110 | Depths:4 | Killed Boris
 54240 | Depths:4 | Found the +7 longbow "Piercer" {penet, EV-2}
 54675 | Depths:4 | Found a one-way gate to the infinite horrors of the Abyss.
 55063 | Depths:4 | Got a glittering lapis lazuli ring
 55064 | Depths:4 | Identified the ring of Division {rC+ Str+4 Int+2} (You found it on level 4 of the Depths)
 55425 | Depths:5 | Entered Level 5 of the Depths
 55921 | Depths:5 | Noticed a juggernaut
 55929 | Depths:5 | Killed a juggernaut
 55998 | Depths:5 | Gained Gorm as an ally
 56026 | Depths:5 | Your ally Bladwarg died
 56163 | Depths:5 | Found a gate to the Realm of Zot.
 57211 | Elf:3    | Entered Level 3 of the Elven Halls
 57531 | Elf:3    | Found Sijam's Assorted Antiques.
 57539 | Elf:3    | Bought a potion of curing for 78 gold pieces
 57539 | Elf:3    | Bought a scroll of enchant armour for 195 gold pieces
 57539 | Elf:3    | Bought a potion of curing for 78 gold pieces
 57539 | Elf:3    | Bought a potion of heal wounds for 130 gold pieces
 57539 | Elf:3    | Bought a potion of agility for 104 gold pieces
 57539 | Elf:3    | Bought a potion of agility for 104 gold pieces
 57914 | Elf:3    | Got a vibrating granite ring
 57915 | Elf:3    | Identified the ring "Dicovol" {AC+3 Int+3} (You acquired it on level 3 of the Elven Halls)
 57967 | Elf:3    | Got a warped great sword
 57979 | Elf:3    | Identified the cursed +1 great sword "Sesada" {slice, rElec rC- MR+ Str+7} (You found it on level 3 of the Elven Halls)
 58235 | Elf:3    | Your ally Syrus died
 58249 | Elf:3    | Your ally Gorm died
 58897 | Elf:3    | Got a steaming marble ring
 58913 | Elf:3    | Identified the ring "Farar" {AC+3 Dex+4} (You took it off a deep elf annihilator on level 3 of the Elven Halls)
 59090 | Elf:3    | Got a heavily runed granite ring
 59095 | Elf:3    | Identified the ring "Seuplekhia" {rN++ MR+ Dex+3} (You took it off a deep elf knight on level 3 of the Elven Halls)
 59675 | Elf:3    | Identified the Reference Book on Flames and the Entourage
 59680 | Elf:3    | Identified the Grimoire of Dusty Moulding
 60191 | Zot:1    | Entered Level 1 of the Realm of Zot
 60215 | Zot:1    | Reached skill level 1 in Dodging
 60396 | Zot:1    | Reached XP level 25. HP: 216/248 MP: 40/40
 60444 | Zot:1    | Your ally Bladwarg died
 61152 | Zot:1    | Reached skill level 5 in Dodging
 61840 | Zot:2    | Noticed an orb of fire
 63042 | Depths:4 | Voluntarily entered the Abyss.
 63444 | Abyss:3  | Found a corrupted altar of Lugonu.
 63461 | Abyss:3  | Found a shadowy altar of Dithmenos.
 63492 | Abyss:3  | Found a hazy altar of Hepliaklqana.
 63537 | Abyss:3  | Found a hazy altar of Hepliaklqana.
 63596 | Abyss:3  | Paralysed by accursed screaming for 1 turns
 63603 | Abyss:3  | Paralysed by accursed screaming for 2 turns
 63613 | Abyss:4  | Found a corrupted altar of Lugonu.
 63648 | Abyss:4  | Reached skill level 10 in Dodging
 63689 | Abyss:4  | Got an abyssal rune of Zot
 63913 | Abyss:4  | Gained Bogward as an ally
 63948 | Depths:4 | Escaped the Abyss
 64132 | Zot:2    | Gained mutation: You are agile. (Dex +2) [an orb of fire]
 64135 | Zot:2    | Gained mutation: You tend to lose your temper in combat. [an orb of fire]
 64143 | Zot:2    | Killed an orb of fire
 64153 | Zot:2    | Reached XP level 26. HP: 231/262 MP: 40/40
 64194 | Zot:2    | Lost mutation: You tend to lose your temper in combat. [potion of mutation]
 64194 | Zot:2    | Lost mutation: You are agile. (Dex +2) [potion of mutation]
 64194 | Zot:2    | Lost mutation: You have large cloven feet. [potion of mutation]
 64194 | Zot:2    | Lost mutation: You are resistant to hostile enchantments. (MR+) [potion of mutation]
 64194 | Zot:2    | Gained mutation: Your movements are slightly less encumbered by armour. (ER -2) [potion of mutation]
 64194 | Zot:2    | Gained mutation: You are dopey. (Int -2) [potion of mutation]
 64194 | Zot:2    | Gained mutation: You have a beak for a mouth. [potion of mutation]
 64326 | Zot:2    | Got a warped dire flail
 64327 | Zot:2    | Identified the cursed +0 dire flail of Objectivity {flame, Int+2} (You found it on level 2 of the Realm of Zot)
 64907 | Zot:3    | Reached skill level 27 in Fighting
 65793 | Zot:4    | Found a transporter.
 65966 | Zot:4    | Your ally Bladwarg died
 66089 | Zot:4    | Noticed an orb of fire
 66103 | Zot:4    | Killed an orb of fire
 66504 | Zot:4    | Noticed an orb of fire
 66509 | Zot:4    | Gained mutation: Scrolls take you a little longer to read. [an orb of fire]
 66512 | Zot:4    | Gained mutation: Scrolls take you longer to read. [an orb of fire]
 66513 | Zot:4    | Killed an orb of fire
 66513 | Zot:4    | Reached XP level 27. HP: 232/273 MP: 40/40
 66992 | Zot:4    | Found a transporter.
 67001 | Zot:4    | Got a steaming bone ring
 67004 | Zot:4    | Lost mutation: Scrolls take you longer to read. [potion of mutation]
 67004 | Zot:4    | Lost mutation: Scrolls take you a little longer to read. [potion of mutation]
 67004 | Zot:4    | Gained mutation: You have an increased reservoir of magic. (+10% MP) [potion of mutation]
 67004 | Zot:4    | Lost mutation: You are dopey. (Int -2) [potion of mutation]
 67004 | Zot:4    | Lost mutation: You are partially covered in yellow scales. (AC +2) [potion of mutation]
 67004 | Zot:4    | Gained mutation: You expend magic power (3 MP) to strengthen your wands. [potion of mutation]
 67774 | Lair:1   | Lost mutation: You have an increased reservoir of magic. (+10% MP) [potion of mutation]
 67774 | Lair:1   | Lost mutation: You expend magic power (3 MP) to strengthen your wands. [potion of mutation]
 67774 | Lair:1   | Lost mutation: Your movements are slightly less encumbered by armour. (ER -2) [potion of mutation]
 67774 | Lair:1   | Lost mutation: You have a beak for a mouth. [potion of mutation]
 67774 | Lair:1   | Gained mutation: Your mind is acute. (Int +2) [potion of mutation]
 67774 | Lair:1   | Gained mutation: You passively map a small area around you. [potion of mutation]
 67774 | Lair:1   | Gained mutation: Your body sometimes deteriorates upon taking damage. [potion of mutation]
 67774 | Lair:1   | Gained mutation: You have a pair of small antennae on your head. [potion of mutation]
 67775 | Lair:1   | Lost mutation: Your body sometimes deteriorates upon taking damage. [potion of mutation]
 67775 | Lair:1   | Lost mutation: You have a pair of small antennae on your head. [potion of mutation]
 67775 | Lair:1   | Gained mutation: You are somewhat resistant to further mutation. [potion of mutation]
 67928 | Slime:1  | Entered Level 1 of the Pits of Slime
 68213 | Slime:5  | Entered Level 5 of the Pits of Slime
 68224 | Slime:5  | Reached skill level 15 in Dodging
 68388 | Slime:5  | Found a viscous altar of Jiyva.
 68388 | Slime:5  | Noticed the Royal Jelly
 68401 | Slime:5  | Killed the Royal Jelly
 68455 | Slime:5  | Got a pitted ruby amulet
 68456 | Slime:5  | Identified the ring "Hisug" {*Drain rC+ rN+ Int+5 Dex+2} (You found it on level 4 of the Realm of Zot)
 68457 | Slime:5  | Identified the amulet of Futieth {Gourm rC- Str+5} (You found it on level 5 of the Pits of Slime)
 68461 | Slime:5  | Found the +10 Black Knight's horse barding {ponderous, rPois rN+}
 68472 | Slime:5  | Got a faintly glowing ivory ring
 68473 | Slime:5  | Identified the ring "Pariummi" {rF+ rC+ rN+ Dex+2 Stlth-} (You found it on level 5 of the Pits of Slime)
 68476 | Slime:5  | Got a slimy rune of Zot
 68555 | Slime:5  | Identified the ring of Yendor {rN+ Str+3 Int-4 SInv Stlth+} (You found it on level 5 of the Pits of Slime)
 68572 | Slime:5  | Got a glittering wooden ring
 68573 | Slime:5  | Identified the cursed ring of Geugohepn {rN+ Str-5} (You found it on level 5 of the Pits of Slime)
 69227 | Zot:5    | Entered Level 5 of the Realm of Zot
 69252 | Zot:5    | Identified the +8 long sword of Compound Interest {elec, *Drain +Blink rC++ Stlth+} (You found it on level 5 of the Realm of Zot)
 69333 | Zot:5    | Noticed an ancient lich
 69339 | Zot:5    | Killed an ancient lich
 69382 | Zot:5    | Noticed an orb of fire
 69389 | Zot:5    | Noticed an orb of fire
 69396 | Zot:5    | Killed an orb of fire
 69400 | Zot:5    | Killed an orb of fire
 69500 | Zot:5    | Got the Orb of Zot
 69722 | Depths:1 | Noticed Domybbaru the pandemonium lord
 70110 | D:$      | Escaped with the Orb!

Skill      XL: |  1  2  3  4  5  6  7  8  9 10 11 12 13 14 15 16 17 18 19 20 21 22 23 24 25 26 27 |
---------------+----------------------------------------------------------------------------------+-----
Axes           | 3 4 5 6 7 8 10 12 13 15 17 18 | 18.2
Fighting       | 4 5 6 7 8 9 10 11 13 18 21 23 24 26 27 | 27.0
Invocations    | 3 5 7 10 12 14 15 17 19 20 21 23 24 26 27 | 27.0
Armour         | 4 6 8 10 11 12 13 15 17 18 19 20 23 | 23.6
Shields        | 4 9 11 13 15 16 | 16.2
Evocations     | 7 8 |  8.2
Dodging        | 3 11 14 16 | 16.1

Action                   |  1- 3 |  4- 6 |  7- 9 | 10-12 | 13-15 | 16-18 | 19-21 | 22-24 | 25-27 || total
-------------------------+-------+-------+-------+-------+-------+-------+-------+-------+-------++-------
Melee: War axe           |   139 |   181 |    57 |   255 |       |       |       |       |       ||   632
       Broad axe         |       |       |   260 |   244 |   968 |  1052 |   825 |  1073 |  1082 ||  5504
       Kick              |       |       |       |    96 |   374 |   382 |   361 |   534 |   231 ||  1978
       Unarmed           |       |       |       |       |       |       |       |       |     1 ||     1
       Peck              |       |       |       |       |       |       |       |       |   122 ||   122
Invok: Convert to Beogh  |       |     1 |       |       |       |       |       |       |       ||     1
       Recall Orcish Fol |       |       |       |     6 |    12 |     5 |     3 |    19 |    12 ||    57
       Smiting           |       |       |       |     3 |       |     9 |    25 |    23 |    17 ||    77
       Give Item to Name |       |       |       |     1 |     6 |     1 |     3 |     4 |       ||    15
       Stop Recall       |       |       |       |       |     5 |     5 |       |       |       ||    10
       Resurrection      |       |       |       |       |     1 |       |     2 |     1 |     1 ||     5
Evoke: Wand              |       |       |       |       |       |     1 |       |     4 |     1 ||     6
  Use: Scroll            |     2 |     6 |    15 |    10 |    10 |     9 |     5 |    28 |    36 ||   121
       Potion            |       |     1 |     3 |     7 |     5 |     2 |     5 |    12 |    19 ||    54
 Stab: Distracted        |       |       |       |     2 |    14 |    10 |    11 |    13 |    12 ||    62
       Invisible         |       |       |       |     6 |     4 |       |       |     5 |     8 ||    23
       Held in net/web   |       |       |       |       |     5 |       |       |       |       ||     5
       Confused          |       |       |       |       |       |     3 |       |       |       ||     3
  Eat: Chunk             |     1 |     6 |    11 |    12 |    12 |     9 |     8 |    14 |     5 ||    78
       Ration            |       |     1 |     2 |     7 |    10 |     9 |     7 |     9 |     8 ||    53
Armor: Scale mail        |    52 |    29 |       |       |       |       |       |       |       ||    81
       Chain mail        |       |    39 |   244 |   362 |   433 |   451 |       |       |       ||  1529
       Plate armour      |       |       |       |       |       |     2 |   261 |   272 |    55 ||   590
       Skin              |       |       |       |       |       |       |     6 |       |       ||     6
       Gold dragon scale |       |       |       |       |       |       |       |       |   369 ||   369
Dodge: Dodged            |    48 |    38 |    99 |   147 |   241 |   227 |    95 |   126 |   313 ||  1334
       Deflected         |       |       |       |       |     7 |    13 |    17 |    20 |    27 ||    84
Block: Shield            |    67 |    89 |   167 |   310 |   445 |   105 |       |       |       ||  1183
       Large shield      |       |       |       |       |       |  1096 |   942 |  1188 |  1234 ||  4460
